 Dungeon Crawl Stone Soup version 0.22-a0-608-g8a62e23 (webtiles) character file.

73 digijack the Ruffian (level 4, 0/42 HPs)
             Began as a Troll Warper on July 9, 2018.
             Slain by an ooze (5 damage)
             ... while paralysed by Grinder
             ... on level 3 of the Dungeon.
             The game lasted 00:12:32 (2034 turns).

digijack the Ruffian (Troll Warper)                 Turns: 2034, Time: 00:12:48

Health: 0/42       AC:  7    Str: 19    XL:     4   Next: 8%
Magic:  4/4        EV:  1    Int: 15    God:    Xom [..*...]
Gold:   130        SH:  0    Dex:  9    Spells: 6/6 levels left

rFire    . . .     SeeInvis .     - Unarmed
rCold    . . .     Gourm    +   (no shield)
rNeg     + . .     Faith    .   a - +0 robe
rPois    .         Spirit   .   (helmet restricted)
rElec    .         Reflect  .   (no cloak)
rCorr    .         Harm     .   (gloves unavailable)
MR       .....     Rnd*Rage +   (boots unavailable)
Stlth    +.........             (no amulet)
HPRegen  0.54/turn              h - ring of positive energy
MPRegen  0.09/turn              (no ring)

@: paralysed, brilliant, lethally poisoned (0 -> -2)
A: large, unfitting armour, claws 3, slimy green scales 1, berserk 1, fast
metabolism 3, gourmand, low mp 1, regeneration 1, shaggy fur 1, tough skin 2, no
potion heal 1
a: Renounce Religion


You were on level 3 of the Dungeon.
You worshipped Xom.
You were a toy of Xom.
You were completely stuffed.

You visited 1 branch of the dungeon, and saw 3 of its levels.

You collected 130 gold pieces.

Inventory:

Missiles
 d - 5 tomahawks of dispersal (quivered)
Armour
 a - a +0 robe (worn)
Jewellery
 h - a ring of positive energy (left claw)
Scrolls
 b - 4 scrolls of identify
 c - 2 scrolls of blinking
 e - 2 scrolls of fog
Potions
 i - a potion of haste
Comestibles
 f - 6 rations


   Skills:
 + Level 2.2 Fighting
 + Level 1.6 Throwing
 + Level 2.3 Dodging
 + Level 2.6 Unarmed Combat
 + Level 1.6 Spellcasting
   Level 2.1 Translocations


You had 6 spell levels left.
You didn't know any spells.
Your spell library contained the following spells:

 Spells                   Type           Power        Failure   Level  Hunger
 Teleport Other           Tloc           ###.....     3%          3    ####...
 Blink                    Tloc           N/A          1%          2    ###....
 Passage of Golubria      Tloc           N/A          11%         4    #####..
 Shroud of Golubria       Chrm/Tloc      ##........   2%          2    ###....
 Gell's Gravitas          Tloc           ###.......   3%          3    ####...
 Lesser Beckoning         Tloc           ###.......   3%          3    ####...


Dungeon Overview and Level Annotations

Branches:
Dungeon (3/15)

Altars:
Hepliaklqana
Xom

Annotations:
D:3 Grinder, Ijyb, Sigmund


Innate Abilities, Weirdness & Mutations

You are too large for most types of armour.
You have claws for hands.
Your metabolism is lightning-fast.
You like to eat raw meat.
Your natural rate of healing is unusually fast.
You are covered in fur. (AC +1)
You have very tough skin. (AC +2)
You are partially covered in slimy green scales. (AC +2)
You tend to lose your temper in combat.
Your magical capacity is low. (-10% MP)
Potions are less effective at restoring your health.


Message History

Grinder gestures at you.
You suddenly lose the ability to move!
The hobgoblin hits you. The ooze hits you but does no damage.
Something hits you!
You are poisoned.
You feel sick. The bat hits you but does no damage. The hobgoblin hits you.
The ooze jiggles.
The ooze hits you but does no damage. The bat hits you but does no damage. x2
You feel sick. The bat hits you but does no damage. The bullfrog hits you!
The bat hits you but does no damage. Something hits you but does no damage.
The bullfrog hits you but does no damage.
Grinder hits you but does no damage. The hobgoblin barely misses you.
The ooze hits you.
* * * LOW HITPOINT WARNING * * *
You feel sick.
The bat hits you but does no damage. x2; The bullfrog hits you.
* * * LOW HITPOINT WARNING * * *
Grinder hits you but does no damage. The hobgoblin hits you.
* * * LOW HITPOINT WARNING * * *
The ooze hits you.
You die...
Xom thinks this is hilarious!

#o.... .. .. .w...# #...
..# ...### ..###..## #
....# #.......#.. ......
##.......... ......###
#........... .......#
#...........
#...#.#####..gJ5......
#...#...o..gbb@br.....
#...o####...JF.......
#.##.# ##...r.......
#.##r#####...........
####..#b#...........##..
.......o..###.##.#.## #
.......ob###..##...###..
...........#.##........
......%..#......#
..#####


You could see Grinder, Ijyb, a bullfrog, 2 oozes, an orc, a hobgoblin, 3 bats
and 2 rats.

Vanquished Creatures
  An adder (D:2)
  An ooze (D:2)
  2 dart slugs (D:2)
  An orc (D:3)
  4 giant cockroaches
  7 goblins
  9 hobgoblins
  7 kobolds
  2 ball pythons (D:1)
  7 bats
  4 frilled lizards
  5 rats
50 creatures vanquished.

Notes
Turn   | Place    | Note
-------+----------+-------------------------------------------
     0 | D:1      | digijack the Troll Warper began the quest for the Orb.
     0 | D:1      | Reached XP level 1. HP: 19/19 MP: 1/1
   128 | D:1      | Reached skill level 1 in Throwing
   233 | D:1      | Reached XP level 2. HP: 28/28 MP: 3/3
   552 | D:1      | Gained mutation: You tend to lose your temper in combat. [potion of mutation]
   552 | D:1      | Gained mutation: Potions are less effective at restoring your health. [potion of mutation]
   552 | D:1      | Gained mutation: Your magical capacity is low. (-10% MP) [potion of mutation]
   552 | D:1      | Gained mutation: You are partially covered in slimy green scales. (AC +2) [potion of mutation]
   601 | D:1      | Reached XP level 3. HP: 35/35 MP: 3/3
  1076 | D:2      | Found a faded altar of an unknown god.
  1135 | D:2      | Found a hazy altar of Hepliaklqana.
  1866 | D:2      | Found a shimmering altar of Xom.
  1872 | D:2      | Reached XP level 4. HP: 42/42 MP: 4/4
  1877 | D:2      | Became a worshipper of Xom of Many Doors
  1995 | D:3      | Noticed Sigmund
  2008 | D:3      | Noticed a bullfrog
  2010 | D:3      | XOM: potion effect (brilliance)
  2019 | D:3      | Noticed Ijyb
  2020 | D:3      | Noticed Grinder
  2031 | D:3      | Paralysed by Grinder for 7 turns
  2034 | D:3      | Slain by an ooze

Vault maps used:
D:1:      dpeg_arrival_lava_temple_mockup
D:2:      lemuel_doored_altar, overflow_temple_1_default,
          chequers_ecumenical_altar_simple, minmay_tromino_v4_b
D:3:      lemuel_crystal_altar, portal_sewer_entry_a, first_ration,
          uniq_grinder, uniq_ijyb, uniq_sigmund

Skill      XL: |  1  2  3 |
---------------+----------+-----
Throwing       | 1 |  1.6
Dodging        | 2 |  2.3
Fighting       | 2 |  2.2
Unarmed Combat | |  2.6
Spellcasting   | |  1.6
Translocations | |  2.1

Action                   |  1- 3 |  4- 6 || total
-------------------------+-------+-------++-------
Melee: Unarmed           |   125 |     5 ||   130
       Punch             |     1 |       ||     1
  Use: Scroll            |     5 |     1 ||     6
       Potion            |     4 |       ||     4
  Eat: Chunk             |    23 |     1 ||    24
Armor: Robe              |    51 |    39 ||    90
Dodge: Dodged            |    47 |    38 ||    85

Table legend:
 A = Spawn XP
 B = Non-spawn XP
 C = Spawn XP percentage of total XP
 D = Spawn monster count
 E = Non-spawn monster count
 F = Spawn count percentage of total count
 G = Total turns spent on level
                    A         B        C        D         E        F      G
               +---------+---------+-------+---------+---------+-------+---------
         Total |       0 |     105 |   0.0 |       0 |      50 |   0.0 |  2034
               +---------+---------+-------+---------+---------+-------+---------
           D:1 |       0 |      43 |   0.0 |       0 |      27 |   0.0 |   908
           D:2 |       0 |      58 |   0.0 |       0 |      21 |   0.0 |  1082
           D:3 |       0 |       4 |   0.0 |       0 |       2 |   0.0 |    44
               +---------+---------+-------+---------+---------+-------+---------
